 Dungeon Crawl Stone Soup version 0.23.0 (webtiles) character file.

Game seed: 10386325383499966763

25 Monsterracer the Insei (level 3, -9/23 HPs)
             Began as a Kobold Chaos Knight on Feb 11, 2019.
             Was a Plaything of Xom.
             Killed by the capriciousness of Xom (19 damage)
             ... on level 2 of the Dungeon.
             The game lasted 00:01:12 (1150 turns).

Monsterracer the Insei (Kobold Chaos Knight)        Turns: 1150, Time: 00:01:13

Health: -9/23      AC:  5    Str: 10    XL:     3   Next: 20%
Magic:  3/3        EV: 14    Int: 13    God:    Xom [......]
Gold:   37         SH:  0    Dex: 14    Spells: 2/2 levels left

rFire    . . .     SeeInvis .     - Unarmed
rCold    . . .     Gourm    .   (shield restricted)
rNeg     . . .     Faith    .   a - +2 leather armour
rPois    .         Spirit   .   (no helmet)
rElec    .         Reflect  .   (no cloak)
rCorr    .         Harm     .   (no gloves)
MR       .....                  (no boots)
Stlth    +.........             (no amulet)
HPRegen  0.07/turn              (no ring)
MPRegen  0.08/turn              (no ring)

@: no status effects
A: small, carnivore
a: Renounce Religion


You were on level 2 of the Dungeon.
You worshipped Xom.
You were a BORING thing.
You were completely stuffed.

You visited 1 branch of the dungeon, and saw 2 of its levels.

You collected 37 gold pieces.

Inventory:

Armour
 a - a +2 leather armour (worn)
Jewellery
 h - an uncursed amulet of magic regeneration {unknown}
Scrolls
 e - a scroll of enchant armour {unknown}
Potions
 b - a potion of brilliance {unknown}
 d - a potion of flight {unknown}
 f - a potion of haste {unknown}
 g - a potion of experience {unknown}
Comestibles
 c - 4 rations


   Skills:
 - Level 3.2 Fighting
 - Level 0.7 Armour
 - Level 2.4 Dodging
 * Level 4.1 Unarmed Combat


You had 2 spell levels left.
You didn't know any spells.
Your spell library was empty.

Dungeon Overview and Level Annotations

Branches:
Dungeon (2/15)

Altars:


Innate Abilities, Weirdness & Mutations

You are small and have problems with some larger weapons.
You are carnivorous and can eat meat at any time.


Message History

You hit the jackal.
You kill the jackal!
The jackal misses you.
You hit the jackal but do no damage. The jackal barely misses you.
You barely miss the jackal. Your punch misses the jackal. The jackal bites you.
You take 1 damage, and have 19/23 hp.
You closely miss the jackal. The jackal misses you. x2
You completely miss the jackal. The jackal misses you.
You hit the jackal.
The jackal is almost dead.
The jackal barely misses you.
You closely miss the jackal.
The jackal is almost dead.
The jackal bites you.
You take 1 damage, and have 18/23 hp.
You completely miss the jackal.
The jackal is almost dead.
The jackal bites you.
You take 2 damage, and have 16/23 hp.
You hit the jackal.
You kill the jackal!
The rat twitches its whiskers.
You barely miss the rat. Your punch misses the rat.
The rat bites you but does no damage.
You hit the rat.
You kill the rat!
You closely miss the jackal. The jackal barely misses you.
You completely miss the jackal. The jackal closely misses you.
The jackal bites you.
You take 1 damage, and have 15/23 hp.
You hit the jackal.
The jackal is moderately wounded.
The jackal barely misses you.
You hit the jackal but do no damage. The jackal bites you.
You take 1 damage, and have 14/23 hp.
You barely miss the jackal.
The jackal bites you but does no damage.
You barely miss the jackal.
The jackal bites you but does no damage.
The jackal closely misses you.
You closely miss the jackal. The jackal barely misses you.
You completely miss the jackal. The jackal barely misses you.
You closely miss the jackal. The jackal barely misses you.
The jackal bites you but does no damage.
You hit the jackal.
The jackal is severely wounded.
The jackal misses you.
You miss the jackal.
The jackal is severely wounded.
The jackal barely misses you.
You hit the jackal. You punch the jackal.
The jackal is almost dead.
Xom is getting BORED.
The jackal bites you but does no damage.
The jackal barely misses you.
You closely miss the jackal.
The jackal is almost dead.
The jackal barely misses you.
You closely miss the jackal.
The jackal is almost dead.
The jackal bites you.
You take 1 damage, and have 13/23 hp.
You hit the jackal.
You kill the jackal!
You swing at nothing.
You hit the worm.
The worm is lightly wounded.
You hit the worm.
The worm is moderately wounded.
The worm bites you.
You barely miss the worm. You punch the worm.
The worm is moderately wounded.
Xom is getting BORED.
Your leather armour prevents you from hitting the worm.
The worm is moderately wounded.
The worm closely misses you.
You hit the worm.
The worm is moderately wounded.
You hit the worm.
The worm is heavily wounded.
The worm bites you.
* * * LOW HITPOINT WARNING * * *
You take 6 damage, and have 7/23 hp.
MASSIVE DAMAGE!!
Unknown command.
Xom is getting BORED. "Where it stops, nobody knows!"
Your surroundings suddenly seem different.
A goblin comes into view.
Unknown command.
The helpless goblin fails to defend itself.
You hit the goblin.
You kill the goblin!
You start resting.
You are now a BORING thing.
All of the chunks of flesh in your inventory have rotted away.
Xom's attention turns to you for a moment.
You are caught in a fiery explosion!
The explosion engulfs you!!
Ouch! That really hurt!
You die...
Xom thinks this is hilarious!

... ... ..#
#.### ....#
#.#.#
...####...#
..........#
...####@..#
#.#.# #.#.#
#.# # #.#
#.# ..# ..#


There were no monsters in sight!

Vanquished Creatures
  An ooze (D:1)
  A dart slug (D:1)
  3 goblins
  3 hobgoblins (D:1)
  4 jackals (D:2)
  2 bats (D:1)
  2 frilled lizards (D:1)
  2 kobolds (D:1)
  A rat (D:2)
19 creatures vanquished.

Notes
Turn   | Place    | Note
-------+----------+-------------------------------------------
     0 | D:1      | Monsterracer the Kobold Chaos Knight began the quest for
                  | the Orb.
     0 | D:1      | Reached XP level 1. HP: 14/14 MP: 1/1
    38 | D:1      | XOM: potion effect (haste)
   325 | D:1      | XOM: harmless Ice miscast
   328 | D:1      | Reached XP level 2. HP: 11/19 MP: 2/2
   362 | D:1      | XOM: silly message
   364 | D:1      | XOM: harmless Summ miscast
   475 | D:1      | XOM: 3-stop teleportation journey
  1073 | D:2      | Reached skill level 4 in Unarmed Combat
  1073 | D:2      | Reached XP level 3. HP: 23/23 MP: 3/3
  1074 | D:2      | XOM: chaos upgrade
  1109 | D:2      | HP: 7/23 [worm (6)]
  1118 | D:2      | XOM: 1-stop teleportation journey
  1150 | D:2      | XOM is BORED!
  1150 | D:2      | XOM: medium Fire miscast
  1150 | D:2      | Killed by the capriciousness of Xom

Skill      XL: |  1  2 |
---------------+-------+-----
Unarmed Combat | 4 |  4.1
Fighting       | |  3.2
Armour         | |  0.7
Dodging        | |  2.4

Action                   || total
-------------------------++-------
Melee: Unarmed           ||    92
       Punch             ||     3
 Stab: Sleeping          ||     2
  Eat: Chunk             ||     9
Armor: Leather armour    ||    16
Dodge: Dodged            ||    55

Levels and vault maps discovered:
D:1:      saegor_arrival_under_anarchy, layout_basic
D:2:      minmay_chambers_of_twos, layout_basic, elyvilon_altar_4,
          fedhas_altar_fruit_tree, first_ration, minmay_curled_crystal,
          minmay_misc_feat_room, minmay_small_reverse_x, uniq_jessica
